 Dungeon Sprint DCSS version 0.18.1-48-g4cf74bf (webtiles) character file.

625 Groucho the Cleaver (level 7, -20/49 HPs)
             Began as a Gargoyle Fighter on Aug 20, 2016.
             Was a Priest of Makhleb.
             Demolished by a white ugly thing (26 damage)
             ... in the Dungeon (Sprint IX: "|||||||||||||||||||||||||||||").
             The game lasted 00:02:04 (720 turns).

Groucho the Cleaver (Gargoyle Fighter)               Turns: 720, Time: 00:02:05

Health: -20/49     AC: 21    Str: 25    XL:     7   Next: 47%
Magic:  6/8        EV:  8    Int:  8    God:    Makhleb [***...]
Gold:   0          SH: 11    Dex:  9    Spells: 0 memorised, 6 levels left

rFire  . . .     SeeInvis .     q - +3 war axe (chop)
rCold  . . .     Gourm    .     a - +0 plate armour
rNeg   + . .     Faith    .     c - +0 shield
rPois  ∞         Spirit   .     (no helmet)
rElec  +         Dismiss  .     r - +0 cloak
rCorr  .         Reflect  .     s - +0 pair of gloves
SustAt .         Harm     .     (no boots)
MR     .....     NoTele   +     (no amulet)
Stlth  ..........               t - +2 ring of evasion
                                b - +3 ring of strength

@: not resistant to hostile enchantments, extremely unstealthy
A: negative energy resistance 1, electricity resistance, unbreathing,
petrification resistance, rot immunity, AC +4
a: Minor Destruction, Lesser Servant of Makhleb, Renounce Religion


You were in the Dungeon.
You worshipped Makhleb.
Makhleb was most pleased with you.
You were not hungry.

You visited 1 branch

Inventory:

Hand Weapons
 p - the +2 dire flail of the Sybil {flame, rC+ Str-4 SInv}
   (You found it in the Dungeon)

   It has been specially enchanted to burn those struck by it, causing extra
   injury to most foes and up to half again as much damage against particularly
   susceptible opponents.
   It affects your strength (-4).
   It protects you from cold.
   It lets you see invisible.
 q - a +3 war axe of chopping (weapon)
Armour
 a - a +0 plate armour (worn)
 c - a +0 shield (worn)
 r - a +0 cloak (worn)
 s - a +0 pair of gloves (worn)
Jewellery
 b - a +3 ring of strength (left hand)
 t - a +2 ring of evasion (right hand)
Wands
 o - a wand of acid (6/15)
Scrolls
 k - 2 scrolls of blinking
 m - 3 scrolls of remove curse
 n - 2 scrolls of amnesia
Potions
 d - a potion of might
 e - 5 potions of curing
 g - 3 potions of heal wounds
 h - a potion of haste
 i - 4 potions of magic
 j - a potion of berserk rage
 l - a potion of invisibility
Comestibles
 f - a bread ration


   Skills:
 + Level 8.2 Fighting
 * Level 9.2 Axes
 + Level 8.4 Armour
 + Level 8.2 Shields
 + Level 2.4 Evocations


You had 6 spell levels left.
You didn't know any spells.

Dungeon Overview and Level Annotations

Branches:
Dungeon (1/1)

Altars:
Cheibriados
Dithmenos
Elyvilon
Fedhas
Gozag
Kikubaaqudgha
Makhleb
Nemelex Xobeh
Okawaru
Pakellas
Qazlal
Ru
Sif Muna
Trog
Vehumet
Xom
Yredelemnul
Zin
The Shining One
Beogh
Jiyva
Lugonu


Innate Abilities, Weirdness & Mutations

You are resistant to torment.
Your stone body is resilient (AC +4).
You are immune to poison.
You resist negative energy.
You are resistant to electric shocks.
You can survive without breathing.
You are immune to petrification.
You are immune to rotting.


Message History

The white ugly thing is lightly wounded.
You block the white ugly thing's attack.
You closely miss the white ugly thing.
The white ugly thing is lightly wounded.
The white ugly thing punches you but does no damage.
The kobold demonologist looks braver for a moment.
You block the white ugly thing's attack.
Your shield and plate armour prevent you from hitting the white ugly thing.
The white ugly thing is lightly wounded.
The white ugly thing punches you! The white ugly thing freezes you!!
Ouch! That really hurt!
* * * LOW HITPOINT WARNING * * *
You slash the white ugly thing!
The white ugly thing is moderately wounded.
The kobold demonologist gestures wildly while chanting.
The white ugly thing punches you!
* * * LOW HITPOINT WARNING * * *
The white ugly thing freezes you!!
Ouch! That really hurt!
You die... ▓▓▓▓▓▓▓▓▓▓▓▓▓▓▓▓▓▓▓▓▓▓▓▓ '..|).[..()(.≈..@uTCK3.. ▓▓▓▓▓▓▓▓▓▓▓▓▓▓▓▓▓▓▓▓▓▓▓▓

You could see a white ugly thing, a cyclops, a kobold demonologist, a troll and a ynoxinul.

Vanquished Creatures
  A troll (D)
  2 sky beasts (D)
  A big kobold (D)
  A wight (D)
  A crimson imp (D)
  A hound (D)
  An iguana (D)
  A worker ant (D)
  A gnoll (D)
  An orc (D)
  A giant cockroach (D)
  A goblin (D)
  2 bats (D)
  A giant cockroach zombie (D)
  A giant newt (D)
  A kobold (D)
18 creatures vanquished.

Notes
Turn   | Place    | Note
--------------------------------------------------------------
     0 | D        | Groucho the Gargoyle Fighter began the quest for the Orb.
     0 | D        | Reached XP level 1. HP: 14/14 MP: 1/1
     6 | D        | Reached skill level 2 in Axes
    38 | D        | Noticed an iguana
    38 | D        | Noticed a crimson imp
    38 | D        | Noticed a worker ant
    40 | D        | Killed an iguana
    40 | D        | Reached skill level 3 in Axes
    40 | D        | Reached XP level 2. HP: 17/20 MP: 2/2
    40 | D        | Reached XP level 3. HP: 21/24 MP: 3/3
    43 | D        | Reached skill level 5 in Fighting
    43 | D        | Reached skill level 4 in Axes
    43 | D        | Reached skill level 5 in Armour
    43 | D        | Reached XP level 4. HP: 27/31 MP: 4/4
    58 | D        | Reached skill level 5 in Axes
    58 | D        | Reached skill level 5 in Shields
   464 | D        | Found a glowing silver altar of Zin.
   464 | D        | Found a glowing golden altar of the Shining One.
   464 | D        | Found an ancient bone altar of Kikubaaqudgha.
   464 | D        | Found a basalt altar of Yredelemnul.
   464 | D        | Found a shimmering altar of Xom.
   464 | D        | Found a radiant altar of Vehumet.
   465 | D        | Found an iron altar of Okawaru.
   466 | D        | Found a burning altar of Makhleb.
   467 | D        | Found a deep blue altar of Sif Muna.
   468 | D        | Found a bloodstained altar of Trog.
   469 | D        | Found a sparkling altar of Nemelex Xobeh.
   470 | D        | Found a white marble altar of Elyvilon.
   471 | D        | Found a roughly hewn altar of Beogh.
   472 | D        | Found a viscous altar of Jiyva.
   473 | D        | Found a corrupted altar of Lugonu.
   478 | D        | Found a blossoming altar of Fedhas.
   479 | D        | Found a snail-covered altar of Cheibriados.
   480 | D        | Found a shadowy altar of Dithmenos.
   481 | D        | Found a stormy altar of Qazlal.
   482 | D        | Found an opulent altar of Gozag.
   483 | D        | Found a sacrificial altar of Ru.
   484 | D        | Found an oddly glowing altar of Pakellas.
   498 | D        | Became a worshipper of Makhleb the Destroyer
   522 | D        | Got the +2 dire flail of the Sybil {flame, rC+ Str-4 SInv}
   658 | D        | Noticed a big kobold
   658 | D        | Noticed a sky beast
   658 | D        | Noticed a sky beast
   664 | D        | Reached * piety under Makhleb
   664 | D        | Reached XP level 5. HP: 36/36 MP: 5/5
   676 | D        | Killed a big kobold
   676 | D        | Reached skill level 6 in Axes
   682 | D        | Killed a sky beast
   682 | D        | Reached ** piety under Makhleb
   682 | D        | Reached skill level 7 in Axes
   682 | D        | Reached XP level 6. HP: 44/44 MP: 6/6
   690 | D        | Killed a sky beast
   690 | D        | Reached skill level 8 in Axes
   713 | D        | Noticed a troll
   713 | D        | Noticed a white ugly thing
   713 | D        | Noticed a troll
   713 | D        | Noticed a cyclops
   713 | D        | Noticed a kobold demonologist
   716 | D        | Killed a troll
   716 | D        | Reached *** piety under Makhleb
   716 | D        | Reached skill level 9 in Axes
   716 | D        | Reached XP level 7. HP: 49/49 MP: 6/8
   720 | D        | Demolished by a white ugly thing

Skill      XL: |  1  2  3  4  5  6 |
---------------+-------------------+-----
Axes           | 3 4 5 7 9 |  9.2
Fighting       | 4 5 7 8 |  8.2
Armour         | 4 5 7 8 |  8.4
Shields        | 4 5 7 8 |  8.2
Evocations     | 2 |  2.4

Action                   |  1- 3 |  4- 6 |  7- 9 || total
-------------------------+-------+-------+-------++-------
Melee: War axe           |    29 |    50 |     4 ||    83
Evoke: Wand              |       |     1 |       ||     1
Armor: Scale mail        |    23 |    12 |       ||    35
       Plate armour      |       |    14 |     1 ||    15
Dodge: Dodged            |    15 |    19 |       ||    34
Block: Shield            |    20 |    26 |     2 ||    48
